 Dungeon Crawl Stone Soup version 0.13.0-7-g3df9ff1 (webtiles) character file.

412 Malachi the Skirmisher (level 6, -1/53 HPs)
             Began as a Ghoul Fighter on Oct 16, 2013.
             Slain by elenap21's ghost (4 damage)
             ... on Level 3 of the Dungeon.
             The game lasted 00:05:14 (2207 turns).

Malachi the Skirmisher (Ghoul Fighter)              Turns: 2207, Time: 00:05:14

HP  -1/53        AC  7     Str 22      XL: 6   Next: 23%
MP   4/4         EV  6     Int  8      God:
Gold 139         SH 18     Dex  8      Spells:  0 memorised,  5 levels left

Res.Fire  : . . .   See Invis. : .   a - +0 mace
Res.Cold  : + . .   Warding    : .   b - +0 scale mail
Life Prot.: + + +   Conserve   : .   c - +0 shield
Res.Poison: +       Res.Corr.  : .   (no helmet)
Res.Elec. : .       Clarity    : .   (no cloak)
Sust.Abil.: . .     Spirit.Shd : .   (no gloves)
Res.Mut.  : .       Stasis     : .   (no boots)
Res.Rott. : +       Flight     : .   (no amulet)
Saprovore : + + +                    (no ring)
                                     (no ring)

@: brilliant, rotting, slightly resistant to hostile enchantments, extremely
unstealthy
A: rotting body, claws 1, carnivore 3, cold resistance 1, life protection 3,
poison resistance, saprovore 3, slow healing 1, torment resistance, unbreathing
a: no special abilities


You were on level 3 of the Dungeon.
You were not hungry.

You visited 1 branch of the dungeon, and saw 3 of its levels.

You collected 119 gold pieces.

Inventory:

Hand weapons
 a - a +0,+0 mace (weapon)
Missiles
 i - a throwing net (quivered)
Armour
 b - a +0 scale mail (worn)
 c - a +0 shield (worn)
Comestibles
 s - a honeycomb
Scrolls
 d - 2 scrolls of enchant weapon I {unknown}
 e - 4 scrolls of remove curse {unknown}
 f - a scroll of random uselessness {unknown}
 g - a scroll of teleportation {unknown}
 h - 2 scrolls of identify {unknown}
 l - a scroll of amnesia {unknown}
 n - a scroll of fear {unknown}
 o - a scroll of enchant armour {unknown}
 q - a scroll of curse weapon {unknown}
Jewellery
 p - an uncursed ring of poison resistance {unknown}


   Skills:
 + Level 4.1 Fighting
 * Level 3.1 Maces & Flails
 + Level 3.9 Armour
 + Level 1.7 Dodging
 + Level 3.7 Shields


You had 5 spell levels left.
You didn't know any spells.

Dungeon Overview and Level Annotations

Branches:
Dungeon (3/27)

Altars:
Fedhas
Xom

Annotations:
D:3 elenap21's ghost, average DrAK


Innate Abilities, Weirdness & Mutations

Your body is rotting away.
You have sharp fingernails.
You are carnivorous and can eat meat at any time.
Your flesh is cold resistant.
You are immune to negative energy.
Your system is resistant to poisons.
You thrive on rotten meat.
You heal slowly.
You are immune to unholy pain and torment.
You can survive without breathing.


Message History

Elenap21's ghost is almost destroyed.
Elenap21's ghost hits you.
* * * LOW HITPOINT WARNING * * *
The hobgoblin throws a dart.
You block the dart.
You miss elenap21's ghost.
Elenap21's ghost is almost destroyed.
Elenap21's ghost barely misses you.
You miss elenap21's ghost.
Elenap21's ghost is almost destroyed.
You block elenap21's ghost's attack.
You hit elenap21's ghost but do no damage.
Elenap21's ghost is almost destroyed.
You block elenap21's ghost's attack.
The hobgoblin throws a dart.
The dart hits you!
* * * LOW HITPOINT WARNING * * *
You miss elenap21's ghost.
Elenap21's ghost is almost destroyed.
Elenap21's ghost whispers, "Death is liberation."
Elenap21's ghost hits you.
You die...

# #################### ##
##....)#.......#....#
.###(....((.......#....#
..#......)#########....##
..#.............@#......#
..'........()...p'......'
.(#........).....#g.(...#
(.#.......#########....##
.###......')......#....# ##
##.....#)......#).).# #
################''###########
≈≈≈≈≈≈≈≈≈≈≈≈≈≈..(...≈≈≈≈≈≈≈≈≈
≈≈≈≈≈≈≈≈≈≈≈≈≈≈≈..(...≈≈≈≈≈≈≈≈≈


You could see elenap21's ghost and a hobgoblin.

Vanquished Creatures
  2 big kobolds (D:3)
  Jessica (D:3)
  2 adders (D:2)
  An inept feature mimic (D:2)
  A worm (D:2)
  3 giant geckos
  2 oozes
  6 orcs (D:3)
  A ball python (D:1)
  A goblin (D:1)
  7 hobgoblins
  2 quokkas (D:2)
  4 bats
  3 giant cockroaches
  4 giant newts
  37 kobolds
  7 rats
84 creatures vanquished.

Notes
Turn   | Place    | Note
--------------------------------------------------------------
     0 | D:1      | Malachi, the Ghoul Fighter, began the quest for the Orb.
     0 | D:1      | Reached XP level 1. HP: 19/19 MP: 0/0
    99 | D:1      | Found a shimmering altar of Xom.
    99 | D:1      | Found a shimmering altar of Xom.
    99 | D:1      | Found a shimmering altar of Xom.
    99 | D:1      | Found a shimmering altar of Xom.
   100 | D:1      | Found a shimmering altar of Xom.
   100 | D:1      | Found a shimmering altar of Xom.
   101 | D:1      | Found a shimmering altar of Xom.
   102 | D:1      | Found a shimmering altar of Xom.
   162 | D:1      | Reached XP level 2. HP: 15/25 MP: 1/1
   721 | D:1      | Reached XP level 3. HP: 30/30 MP: 2/2
   867 | D:2      | Found a blossoming altar of Fedhas.
  1160 | D:2      | Reached XP level 4. HP: 39/39 MP: 2/2
  1791 | D:3      | Noticed Jessica
  1800 | D:3      | Killed Jessica
  1811 | D:3      | Reached XP level 5. HP: 17/46 MP: 3/3
  1813 | D:3      | Reached skill level 1 in Dodging
  1964 | D:3      | Noticed a big kobold
  1964 | D:3      | Noticed a big kobold
  1972 | D:3      | Killed a big kobold
  1972 | D:3      | Reached skill level 4 in Fighting
  1996 | D:3      | Killed a big kobold
  1996 | D:3      | Reached XP level 6. HP: 21/52 MP: 4/4
  2159 | D:3      | Noticed elenap21's ghost (average DrAK)
  2203 | D:3      | HP: 2/53 [elenap21's ghost (1)]
  2207 | D:3      | Slain by elenap21's ghost

Action                   |  1- 3 |  4- 6 || total
-------------------------+-------+-------++-------
Melee: Mace              |   109 |   225 ||   334
  Use: Potion            |       |     3 ||     3
